Map: Ruins of Seras

Players

PurplePuppy - Winner!

  • Race: Zerg Zerg
  • League: Platinum

capac

  • Race: Terran Terran
  • League: Gold

VOD

Have the link to the VOD?

Description

Time

  • Played on: Feb. 23, 2016, 3:26 p.m.
  • Length: 15:03
Show
View Real Time Build Order
Export as new Build Order

PurplePuppy Zerg - Winner!

Build Orders: Hatch First 

Get SALT Encoding   

  12  0:01  Drone  
  13  0:13  Overlord  
  13  0:18  Drone  
  14  0:31  Drone x2  
  14  0:35  Drone  
  17  0:56  Hatchery  
  16  0:57  Drone  
  16  1:03  Extractor, Drone  
  17  1:17  Spawning Pool  
  16  1:20  Drone  
  16  1:22  Drone  
  18  1:30  Drone  
  19  1:39  Overlord  
  19  2:05  Queen  
  21  2:08  Queen  
  21  2:10  Zergling x6  
  21  2:11  Drone  
  27  2:18  Metabolic Boost  
  27  2:23  Drone  
  27  2:25  Drone  
  29  2:38  Drone x2  
  29  2:40  Overlord  
  31  2:45  Drone  
  32  2:55  Overlord  
  32  2:56  Drone  
  33  3:29  Drone x2  
  33  3:32  Lair  
  33  3:33  Drone x4  
  39  3:34  Drone x2  
  41  3:41  Drone x2  
  42  3:51  Drone x2  
  42  3:54  Extractor  
  43  3:55  Extractor  
  43  3:57  Extractor  
  41  4:05  Overlord, Drone  
  41  4:06  Evolution Chamber  
  41  4:07  Evolution Chamber  
  41  4:09  Drone x2  
  42  4:10  Baneling Nest  
  42  4:13  Spore Crawler  
  42  4:16  Spore Crawler  
  39  4:27  Overlord  
  39  4:30  Drone x4  
  43  4:32  Zerg Melee Weapons Level 1  
  43  4:38  Zerg Ground Armor Level 1  
  43  4:42  Drone x2  
  43  4:43  Drone x5  
  50  4:53  Centrifical Hooks  
  50  5:00  Overseer  
  50  5:10  Overlord  
  50  5:25  Hatchery, Drone x3  
  52  5:28  Drone  
  52  5:31  Infestation Pit  
  52  5:38  Spine Crawler  
  52  5:41  Spine Crawler  
  50  5:48  Drone  
  50  5:49  Spore Crawler  
  50  5:51  Spine Crawler  
  50  5:52  Overlord  
  49  5:57  Overlord  
  49  5:58  Drone x2  
  49  5:59  Drone x4  
  55  6:10  Overlord  
  55  6:25  Zergling x6  
  54  6:26  Zergling x10  
  54  6:32  Baneling Nest  
  59  6:37  Spine Crawler  
  59  6:38  Spine Crawler  
  57  6:41  Spine Crawler  
  57  6:43  Spine Crawler x2  
  54  6:50  Zergling x6  
  54  6:51  Zergling x8  
  61  7:28  Spawning Pool  
  59  7:50  Drone  
  59  7:51  Overlord, Drone x3  
  63  7:52  Zerg Melee Weapons Level 2  
  63  7:57  Evolution Chamber  
  62  8:00  Extractor x2, Drone x3  
  62  8:01  Drone  
  64  8:31  Queen  
  64  8:33  Baneling x4  
  64  8:34  Baneling x4  
  66  8:35  Zerg Ground Armor Level 2  
  66  8:36  Overlord  
  66  8:47  Spire  
  65  8:49  Drone x4  
  65  8:50  Overlord x2, Drone x3  
  65  8:51  Overlord  
  65  8:52  Zergling x6  
  75  9:23  Drone x5  
  80  9:27  Zergling x8  
  80  9:28  Zergling x6  
  86  9:33  Zergling x2  
  87  9:42  Drone x3  
  90  9:47  Overlord x3  
  90  9:57  Baneling x3  
  90  10:08  Drone x2  
  90  10:09  Burrow, Overlord  
  92  10:17  Mutalisk  
  92  10:18  Mutalisk x9  
  92  10:19  Mutalisk  
  92  10:20  Mutalisk  
  116  10:22  Mutalisk  
  116  10:23  Mutalisk x3  
  116  10:25  Mutalisk  
  116  10:27  Mutalisk  
  127  10:53  Infestation Pit  
  127  10:54  Zerg Flyer Armor Level 1  
  126  11:13  Hatchery  
  126  11:18  Overlord  
  112  11:33  Baneling x2  
  112  11:34  Baneling x11  
  112  11:36  Zergling x10, Mutalisk x10  
  112  11:37  Zergling x8, Mutalisk  
  143  11:54  Hive  
  143  12:22  Mutalisk x5  
  143  12:23  Zergling x14, Mutalisk  
  143  12:24  Zergling x2  
  136  13:04  Zergling x6, Mutalisk x6  
  136  13:05  Zergling x12  
  149  13:49  Zergling x8  
  149  13:50  Baneling  
  149  13:51  Baneling x8  
  153  13:58  Zergling x8, Mutalisk x3  
  153  13:59  Zergling x2  
Show
View Real Time Build Order
Export as new Build Order

capac Terran 

Build Orders: MMM Bio 

Get SALT Encoding   

  12  0:00  SCV  
  13  0:16  Supply Depot  
  13  0:18  SCV  
  14  0:30  SCV  
  15  0:40  Barracks  
  15  0:42  SCV  
  16  0:51  Refinery  
  16  0:54  SCV  
  17  1:06  SCV  
  18  1:18  SCV  
  19  1:33  Command Center  
  19  1:35  Barracks Reactor  
  19  1:45  Orbital Command  
  19  1:58  Supply Depot  
  19  2:13  Marine x2  
  21  2:22  Barracks  
  21  2:28  SCV  
  22  2:36  Refinery, Marine  
  23  2:37  Factory  
  23  2:51  Orbital Command  
  23  2:55  Marine  
  23  2:56  Bunker  
  24  3:00  SCV  
  24  3:12  Marine  
  25  3:23  Factory Reactor  
  25  3:24  Starport  
  25  3:25  SCV x2  
  27  3:35  Marine x2  
  27  3:38  Barracks Tech Lab  
  29  3:53  Marine x2  
  31  3:57  Marine  
  31  3:58  Stimpack  
  32  4:11  Marine x2  
  34  4:18  Factory Tech Lab  
  34  4:20  Marine  
  34  4:21  Barracks  
  34  4:22  Medivac  
  34  4:23  Medivac  
  39  4:25  SCV  
  39  4:26  SCV  
  41  4:34  Supply Depot  
  41  4:38  SCV x2  
  43  4:39  Siege Tank  
  46  4:55  Marine x2, SCV x2  
  50  5:14  Marine x2  
  50  5:18  Supply Depot  
  50  5:19  SCV x2  
  54  5:23  Liberator, Barracks Reactor  
  54  5:40  SCV x2  
  59  5:43  Marine x2  
  59  5:44  Marine  
  59  5:45  Supply Depot  
  59  5:49  Liberator  
  62  6:06  Marine x4, SCV  
  70  6:21  Combat Shields  
  70  6:24  Marine  
  70  6:30  Marine  
  70  7:01  Marine  
  70  7:11  Marine x2, SCV  
  70  7:12  Marine x2, SCV  
  70  7:15  Siege Tank  
  69  7:19  Marine  
  69  7:22  Medivac  
  70  7:51  Supply Depot  
  70  7:52  Supply Depot  
  70  7:57  Marine x5  
  70  7:58  SCV, Medivac  
  78  8:02  Siege Tank, SCV  
  78  8:03  Refinery  
  78  8:04  Refinery  
  82  8:06  Starport  
  82  8:10  Supply Depot  
  82  8:13  Supply Depot  
  82  8:15  Marine x5  
  82  8:16  Medivac  
  89  8:27  Barracks x2  
  89  8:30  Barracks  
  89  8:32  SCV x2  
  89  8:33  Marine x3  
  94  8:39  Supply Depot x2  
  94  8:40  Marine x2  
  96  8:47  Starport Reactor  
  97  8:48  SCV x2  
  97  8:51  Marine  
  99  8:59  Marine x3  
  99  9:00  Marine, Liberator, SCV x2  
  99  9:01  Liberator  
  105  9:13  SCV x2  
  107  9:18  Marine  
  107  9:19  Marine x2  
  107  9:22  Barracks Reactor x2  
  116  9:31  Barracks Reactor  
  114  9:41  Liberator x2  
  114  9:59  Command Center  
  120  10:15  Marine x2  
  120  10:16  Marine x5  
  120  10:17  Marine x2  
  120  10:20  Siege Tank  
  132  10:26  Supply Depot  
  132  10:27  Supply Depot  
  132  10:31  Engineering Bay x2  
  132  10:36  Marine x2  
  134  10:43  Liberator x2  
  134  10:47  Marine  
  135  10:58  Marine x5  
  135  10:59  Marine  
  147  11:05  Supply Depot  
  147  11:40  Bunker  
  147  11:41  Bunker, Orbital Command  
  147  11:50  Medivac  
  147  11:51  Medivac x2  
  153  12:07  Marine, Medivac  
  153  12:08  Marine x6  
  158  12:09  Marine x4  
  158  12:11  Terran Infantry Weapons Level 1  
  158  12:14  Terran Infantry Armor Level 1  
  56  13:32  Liberator  
  56  13:33  Liberator x2  
  50  14:08  Marine x4  
  50  14:09  Marine x3  
  58  14:23  Marine  
Tags
 
Composition
MMM Bio
Matchup
TvZ
Add a new tag
Caveats
  • Supply blocks, unpowered buildings, or Contaminate may cause inaccurate times.
  • Supply counts are checked every 10 seconds.